AoeStats
← 太阳当空照

Arena

509829372Analyzed
2v2 RM · 5d ago on Sep 28, 2026· 42m 10s· 4 players
Game mode
Random Map
Map size
Medium (4 player)
Population
200
Speed
Normal
Resources
Standard
Victory
Conquest
Starting age
Dark Age
Ending age
Imperial Age
RankedLock teamsTeams togetherTeam positionsShared explorationLock speedFull tech treeHidden civsTurbo modeCheats
Victory
Defeat
🇦🇺 Teutons · Australia
1295
+13
🇦🇺 Malay · Australia
1271
+14
🇨🇳 Spanish · China
1240
-14
🇨🇳 Spanish · China
1207
-13
小虾米
10:42 Feudal Age
14:58 Castle Age
13:48 Double-Bit Axe
13:45 Horse Collar
16:02 Loom
32:59 Padded Archer Armor
38:13 Imperial Age
36:22 Leather Archer Armor
37:59 Bloodlines
37:50 Husbandry
39:32 Conscription
太阳当空照
11:20 Feudal Age
15:41 Castle Age
15:14 Horse Collar
15:21 Double-Bit Axe
16:16 Loom
17:06 Wheelbarrow
22:25 Padded Archer Armor
43:31 Imperial Age
42:25 Squires
42:11 Arson
41:46 Pikeman
israeli banker
9:26 Feudal Age
7:46 Loom
9:33 Feudal Age
10:50 Double-Bit Axe
13:34 Horse Collar
22:38 Castle Age
25:38 Bow Saw
27:25 Town Watch
36:33 Heavy Plow
38:08 Redemption
38:46 Atonement
39:54 Wheelbarrow
42:51 Imperial Age
42:01 Fletching
God Dih
12:12 Feudal Age
16:59 Castle Age
16:33 Loom
17:05 Double-Bit Axe
17:02 Horse Collar
20:00 Bow Saw
33:03 Wheelbarrow
32:13 Town Watch
32:30 Heavy Plow
34:12 Hand Cart
34:54 Gold Mining
36:01 Scale Barding Armor
36:07 Forging
38:57 Imperial Age
38:35 Iron Casting
37:50 Elite Battle Elephant
38:33 Husbandry
41:00 Blast Furnace
39:54 Fletching
40:05 Padded Archer Armor
39:42 Capped Ram
41:19 Gold Shaft Mining
40:34 Stone Mining
42:55 Conscription
Connection lost

Rejoining the realm…

Still unreachable

The connection could not be restored.

Session expired

The server has moved on; the page needs a fresh start.